 Dungeon Crawl Stone Soup version 0.28-a0-655-g4eb62b627b (webtiles) character file.

Game seed: 3710518336080963875

186 KoroneIsBestGirl the Skirmisher (level 5, 0/37 HPs)
             Began as an Octopode Fighter on Oct 13, 2021.
             Was a Believer of Vehumet.
             Slain by a wight (3 damage)
             ... on level 4 of the Dungeon.
             The game lasted 00:03:24 (2767 turns).

KoroneIsBestGirl the Skirmisher (Octopode Fighter)  Turns: 2767, Time: 00:03:26

Health: 0/37       AC:  1    Str: 15    XL:     5   Next: 65%
Magic:  5/5        EV: 13    Int: 10    God:    Vehumet [**....]
Gold:   68         SH:  5    Dex: 13    Spells: 3/4 levels left

rFire   . . .      SeeInvis .   m - +2 falchion (pain)
rCold   . . .      Faith    .   b - +0 buckler
rNeg    . . .      Spirit   .   (helmet restricted)
rPois   .          Reflect  .   (no amulet)
rElec   .          Harm     .   (no ring)
rCorr   .          Rampage  .   (no ring)
Will    .....                   (no ring)
Stlth   +++.......              (no ring)
HPRegen 0.12/turn               (no ring)
MPRegen 0.09/turn               (no ring)
                                (no ring)
                                (no ring)

@: no status effects
A: almost no armour, amphibious, 8 rings, camouflage 1, gelatinous body 1,
(nimble swimmer 1), tentacles
a: Renounce Religion


You were on level 4 of the Dungeon.
You worshipped Vehumet.
Vehumet was pleased with you.
You visited 1 branch of the dungeon, and saw 4 of its levels.

You collected 68 gold pieces.

Inventory:

Hand Weapons
 a - a +0 long sword
 m - a +2 falchion of pain (weapon)
Armour
 b - a +0 buckler (worn)
Scrolls
 h - a scroll of teleportation {unknown}
 i - a scroll of brand weapon {unknown}
 j - 3 scrolls of amnesia {unknown}
 k - a scroll of vulnerability {unknown}
 l - a scroll of noise {unknown}
Potions
 c - a potion of might
 d - a potion of attraction {unknown}
 e - 3 potions of curing {unknown}
 f - 2 potions of heal wounds {unknown}
 g - a potion of magic {unknown}


   Skills:
 + Level 3.9 Fighting
 + Level 3.1 Long Blades
 - Level 3.1 Dodging
 - Level 1.3 Stealth
 + Level 3.4 Shields
 + Level 1.9 Conjurations
 + Level 2.0 Fire Magic


You had 3 spell levels left.
You knew the following spells:

 Your Spells              Type           Power      Damage    Failure   Level
a - Foxfire               Conj/Fire      12%        2x1d4     19%         1

Your spell library contained the following spells:

 Spells                   Type           Power      Damage    Failure   Level


Dungeon Overview and Level Annotations

Branches:
Dungeon (4/15)
 Temple: D:4-7

Altars:
Vehumet


Innate Abilities, Weirdness & Mutations

You cannot wear most types of armour.
You are amphibious.
You can wear up to eight rings at the same time.
Your skin changes colour to match your surroundings (Stealth+).
Your rubbery body absorbs attacks. (AC +1, EV +1)
((You are camouflaged near water. (Stealth+)))
You have tentacles for arms and can constrict up to eight enemies at once.


Message History

You are more poisoned.
You feel very sick.
You feel very sick.
You feel sick.
You feel sick.
Something hits the bush but does no damage.
A wight comes into view. It is wielding a +0 dagger.
You feel sick.
A wight comes into view. It is wielding a +0 flail.
You feel sick.
The wight moves out of view.
A wight comes into view. It is wielding a +3 flail.
You feel sick.
There is a stone staircase leading down here.
A bat and a wight come into view.
You feel sick. The wight closely misses you.
You feel sick.
There is a stone staircase leading down here.
You can't go up here!
You feel sick.
You are no longer poisoned.
You climb downwards.
You hear the sound of rushing water.
There is an entrance to a sewer on this level.
Hurry and find it before the portal rusts away!
There is a stone staircase leading up here.
You closely miss the wight. You grab the wight. You constrict the wight.
The wight hits you with a +0 dagger!
* * * LOW HITPOINT WARNING * * *
You completely miss the wight. You squeeze the wight.
The wight is moderately damaged.
You constrict the wight, but do no damage.
The wight barely misses you.
You hit the wight.
The wight is heavily damaged.
You constrict the wight. The wight hits you with a +0 dagger!
* * * LOW HITPOINT WARNING * * *
You barely miss the wight.
The wight is severely damaged.
You constrict the wight, but do no damage.
The wight hits you with a +0 dagger.
You die...

#+# ##.##
#z..# #.@.#
.........#
###........
#.........#
#.........#
####...####
#...# #...#


You could see a wight.

Vanquished Creatures
  An orc priest (D:3)
  Natasha (thrice) (D:2)
  Terence (D:1)
  An adder (D:2)
  A worm (D:2)
  A dart slug (D:2)
  3 orcs (D:3)
  4 bats
  3 endoplasms
  A giant cockroach (D:3)
  5 hobgoblins
  8 kobolds
  2 quokkas
  A ball python (D:1)
  2 frilled lizards
  3 goblins (D:1)
  5 rats
45 creatures vanquished.

Vanquished Creatures (others)
  5 foxfires
5 creatures vanquished.

Grand Total: 50 creatures vanquished

Notes
Turn   | Place    | Note
-------+----------+-------------------------------------------
     0 | D:1      | KoroneIsBestGirl the Octopode Fighter began the quest for
                  | the Orb.
     0 | D:1      | Reached XP level 1. HP: 16/16 MP: 1/1
   142 | D:1      | Reached skill level 1 in Stealth
   142 | D:1      | Reached XP level 2. HP: 9/21 MP: 2/2
   562 | D:1      | Found a faded altar of an unknown god.
   577 | D:1      | Prayed at the altar of an unknown god.
   577 | D:1      | Became a worshipper of Vehumet
   577 | D:1      | Reached * piety under Vehumet
   577 | D:1      | Offered knowledge of Foxfire by Vehumet.
   580 | D:1      | Learned a level 1 spell: Foxfire
   954 | D:2      | Noticed Terence
   954 | D:2      | Noticed Natasha
  1044 | D:1      | Killed Terence
  1045 | D:1      | Reached XP level 3. HP: 6/26 MP: 1/3
  1413 | D:2      | Killed Natasha
  1414 | D:2      | Reached skill level 1 in Conjurations
  1414 | D:2      | Reached skill level 1 in Fire Magic
  1414 | D:2      | Reached XP level 4. HP: 31/31 MP: 4/4
  1415 | D:2      | Noticed Natasha
  1422 | D:2      | Killed Natasha
  2347 | D:2      | Noticed Natasha
  2352 | D:2      | Killed Natasha
  2353 | D:2      | Reached XP level 5. HP: 23/37 MP: 5/5
  2674 | D:3      | Reached ** piety under Vehumet
  2767 | D:4      | Slain by a wight

Illustrated notes

Levels and vault maps discovered:
D:1:      dpeg_arrival_rooms_b, layout_loops_cross,
          ebering_ecumenical_altar_rust, serial_bayou_ford_a
D:2:      layout_loops_cross, patterned_corridor, uniq_terence, uniq_natasha
D:3:      layout_rooms, minmay_hedge_maze, uniq_ijyb, uniq_crazy_yiuf_cottage,
          uniq_grinder
D:4:      layout_loops_corners, regret_index_temple_of_mockery,
          chequers_temple_overflow_minitemple, portal_sewer_entry_c,
          uniq_duvessa

Skill      XL: |  1  2  3  4  5 |
---------------+----------------+-----
Stealth        | 1 |  1.3
Conjurations   | 1 |  1.9
Fire Magic     | 1 2 |  2.0
Long Blades    | 3 |  3.1
Fighting       | |  3.9
Dodging        | |  3.1
Shields        | |  3.4

Action                   |  1- 3 |  4- 6 || total
-------------------------+-------+-------++-------
Melee: Long sword        |    42 |    43 ||    85
       Tentacles         |     8 |    12 ||    20
       Constrict         |     7 |    14 ||    21
       Falchion          |       |     6 ||     6
Throw: Throwing net      |     1 |       ||     1
 Cast: Foxfire           |     3 |       ||     3
 Stab: Held in net/web   |     2 |       ||     2
       Sleeping          |     3 |     2 ||     5
Armor: Skin              |     2 |     3 ||     5
Dodge: Dodged            |    17 |    19 ||    36
Block: Buckler           |     7 |     8 ||    15

Table legend: (Time is in decaauts)
 A = Elapsed time spent in this place.
 B = Non-inter-level travel time spent in this place.
 C = Inter-level travel time spent in this place.
 D = Time resting spent in this place.
 E = Time spent auto-exploring this place.
 F = Levels seen in this place.
 G = Mean time per level.
                   A        B        C        D        E       F      G
               +--------+--------+--------+--------+--------+-----+--------+
         Total |   2816 |   2642 |    174 |    332 |   1955 |   4 |  704.0 |
       Dungeon |   2816 |   2642 |    174 |    332 |   1955 |   4 |  704.0 |
               +--------+--------+--------+--------+--------+-----+--------+

Top non-repeatable levels by time:
     D:1: 1344 daAuts
     D:2: 1330 daAuts
     D:3: 137 daAuts
     D:4: 4 daAuts
